AoeStats
← Predatory Shadow

Oasis

510255140Analyzed
4v4 RM · 3d ago on Sep 30, 2026· 61m 28s· 8 players
Game mode
Random Map
Map size
Large (8 player)
Population
200
Speed
Normal
Resources
Standard
Victory
Conquest
Starting age
Dark Age
Ending age
Imperial Age
RankedLock teamsTeams togetherTeam positionsShared explorationLock speedFull tech treeHidden civsTurbo modeCheats
Victory
Defeat
🇺🇸 Hindustanis · United States
973
+16
🇺🇸 Goths · United States
950
+17
🇦🇷 Gurjaras · Argentina
945
+17
🇺🇸 Chinese · United States
911
+19
🇨🇦 Franks · Canada
1043
-19
🇨🇦 Goths · Canada
977
-18
🇨🇦 Saxons · Canada
958
-17
🇨🇦 Saxons · Canada
920
-15
Jamarshall of Statistics
5:48 Loom
13:26 Feudal Age
18:13 Castle Age
16:41 Scale Barding Armor
16:47 Forging
18:18 Bloodlines
18:20 Forging
25:57 Double-Bit Axe
25:56 Horse Collar
32:00 Bow Saw
34:19 Wheelbarrow
34:22 Padded Archer Armor
34:13 Fletching
34:31 Thumb Ring
35:34 Leather Archer Armor
36:04 Stone Mining
36:06 Gold Mining
37:14 Ballistics
40:01 Imperial Age
37:47 Hand Cart
37:50 Fortified Wall
37:37 Murder Holes
38:03 Bodkin Arrow
40:59 Iron Casting
41:49 Chemistry
40:55 Siege Engineers
41:25 Ring Archer Armor
40:55 Bracer
41:48 Shatagni
42:09 Conscription
41:51 Grand Trunk Road
41:42 Pikeman
43:12 Elite Skirmisher
46:06 Scale Mail Armor
46:41 Iron Casting
47:25 Chain Mail Armor
49:58 Blast Furnace
49:48 Squires
A Trashcan
0:48 Loom
13:55 Feudal Age
18:24 Double-Bit Axe
18:32 Stone Mining
22:06 Gold Mining
25:52 Castle Age
23:46 Horse Collar
24:40 Fletching
24:51 Padded Archer Armor
26:58 Bow Saw
26:51 Heavy Plow
27:33 Gold Shaft Mining
28:37 Stone Shaft Mining
32:38 Wheelbarrow
33:15 Caravan
34:07 Leather Archer Armor
33:47 Bodkin Arrow
34:06 Thumb Ring
35:52 Hand Cart
35:53 Great Wall
36:39 Fortified Wall
41:31 Imperial Age
40:43 Crossbowman
43:13 Chemistry
42:26 Masonry
42:37 Ballistics
42:56 Ring Archer Armor
42:27 Bracer
43:01 Conscription
42:32 Elite Chu Ko Nu
45:52 Two-Man Saw
44:20 Heavy Rocket Cart
45:38 Rocketry
45:53 Arbalester
50:09 Architecture
Kryton the Undying
0:32 Loom
12:26 Feudal Age
15:03 Scale Mail Armor
15:14 Forging
19:47 Castle Age
18:42 Double-Bit Axe
20:55 Gold Mining
22:54 Bow Saw
22:48 Stone Mining
22:55 Horse Collar
26:17 Caravan
27:25 Squires
26:46 Man-at-Arms
26:52 Pikeman
28:30 Stone Shaft Mining
30:04 Wheelbarrow
31:23 Hand Cart
31:42 Hand Cart
34:02 Anarchy
36:34 Imperial Age
34:33 Chain Mail Armor
34:53 Iron Casting
38:05 Conscription
38:39 Perfusion
40:53 Blast Furnace
39:32 Elite Huskarl
40:38 Halberdier
52:37 Two-Man Saw
Predatory Shadow
0:27 Loom
12:54 Feudal Age
13:20 Horse Collar
13:41 Double-Bit Axe
24:20 Castle Age
23:27 Wheelbarrow
22:38 Town Watch
24:08 Gold Mining
25:36 Heavy Plow
33:32 Husbandry
34:27 Stone Mining
38:14 Hand Cart
37:48 Elite Skirmisher
39:28 Fletching
39:38 Padded Archer Armor
41:15 Padded Archer Armor
42:57 Kshatriyas
44:40 Town Patrol
46:18 Treadmill Crane
47:09 Ballistics
47:36 Bow Saw
48:32 Bodkin Arrow
48:52 Leather Archer Armor
48:47 Forging
48:37 Scale Mail Armor
51:47 Imperial Age
50:02 Masonry
49:43 Heated Shot
51:19 Gold Shaft Mining
51:19 Stone Shaft Mining
52:11 Iron Casting
51:43 Scale Barding Armor
51:55 Chain Mail Armor
52:51 Caravan
52:19 Man-at-Arms
52:44 Arson
52:21 Crossbowman
53:15 Thumb Ring
53:35 Conscription
53:57 Crop Rotation
53:43 Bracer
54:19 Chain Barding Armor
54:43 Bloodlines
53:55 Light Cavalry
54:27 Heavy Camel Rider
56:02 Plate Mail Armor
54:56 Long Swordsman
56:58 Chemistry
56:29 Architecture
55:24 Siege Elephant
56:14 Elite Shrivamsha Rider
58:34 Plate Barding Armor
60:39 Elite Elephant Archer
Sleve McDichael
4:45 Loom
11:09 Feudal Age
18:30 Castle Age
17:34 Double-Bit Axe
17:50 Fletching
18:23 Horse Collar
20:26 Crossbowman
21:21 Padded Archer Armor
22:02 Wheelbarrow
26:07 Thumb Ring
29:15 Bodkin Arrow
30:50 Leather Archer Armor
32:47 Forging
33:02 Ballistics
33:08 Hand Cart
32:38 Town Watch
38:34 Imperial Age
37:13 Gold Mining
37:13 Stone Mining
37:44 Gambesons
38:01 Squires
37:47 Arson
38:42 Shield Wall
41:04 Arbalester
41:48 Bracer
42:09 Masonry
42:24 Elite Hearth Troop
43:07 Elite Varangian Guard
43:56 Scale Mail Armor
46:20 Ring Archer Armor
47:57 Conscription
48:12 Chain Mail Armor
49:20 Iron Casting
49:27 Architecture
48:47 Onager
51:12 Siege Engineers
52:42 Plate Mail Armor
52:55 Treadmill Crane
57:56 Chemistry
Mr. Excel
8:02 Loom
9:51 Feudal Age
10:19 Man-at-Arms
Bobson Dugnutt
8:19 Loom
10:26 Feudal Age
11:25 Double-Bit Axe
13:24 Forging
18:03 Scale Barding Armor
22:20 Castle Age
21:49 Fletching
22:01 Padded Archer Armor
23:25 Bow Saw
23:32 Bodkin Arrow
24:32 Husbandry
27:02 Wheelbarrow
26:16 Town Watch
27:22 Gold Mining
28:45 Hand Cart
29:35 Ballistics
33:42 Gold Shaft Mining
33:11 Town Patrol
33:42 Treadmill Crane
34:16 Fortified Wall
34:03 Murder Holes
37:15 Imperial Age
35:40 Ordonnance Companies
36:38 Leather Archer Armor
37:01 Iron Casting
37:26 Stone Mining
38:08 Heavy Mounted Crossbowman
40:42 Blast Furnace
40:02 Chain Barding Armor
39:45 Cranequins
40:56 Caravan
41:43 Cavalier
43:16 Conscription
43:46 Paladin
46:29 Plate Barding Armor
46:35 Chivalry
51:09 Scale Mail Armor
53:14 Chemistry
52:20 Siege Engineers
Mephistopheles
6:58 Loom
9:40 Feudal Age
10:37 Double-Bit Axe
12:59 Horse Collar
14:03 Fletching
18:52 Castle Age
18:50 Padded Archer Armor
19:17 Crossbowman
20:22 Bow Saw
22:14 Wheelbarrow
23:35 Squires
23:31 Gold Mining
25:56 Bodkin Arrow
25:56 Pikeman
31:25 Thumb Ring
32:03 Ballistics
35:52 Stone Mining
38:36 Imperial Age
36:15 Heavy Plow
38:56 Arbalester
40:53 Two-Man Saw
40:41 Hand Cart
40:28 Bracer
40:44 Leather Archer Armor
42:04 Chemistry
44:16 Atonement
44:40 Sanctity
44:55 Ring Archer Armor
46:38 Scale Mail Armor
48:12 Elite Varangian Guard
51:03 Murder Holes
51:12 Gambesons
54:08 Chain Mail Armor
53:33 Shield Wall
56:51 Caravan
Connection lost

Rejoining the realm…

Still unreachable

The connection could not be restored.

Session expired

The server has moved on; the page needs a fresh start.